 Dungeon Crawl Stone Soup version 0.24-a0-10-gb84795d (webtiles) character file.

Game seed: 3496829998064005730

35 Lanoc the Cudgeler (level 3, -6/36 HPs)
             Began as a Troll Chaos Knight on Jan 31, 2019.
             Was a Plaything of Xom.
             Mangled by a gnoll
             ... wielding a +0 flail
              (10 damage)
             ... on level 1 of the Dungeon.
             The game lasted 00:01:39 (597 turns).

Lanoc the Cudgeler (Troll Chaos Knight)              Turns: 597, Time: 00:01:40

Health: -6/36      AC:  8    Str: 21    XL:     3   Next: 16%
Magic:  2/2        EV: 15    Int:  8    God:    Xom [..*...]
Gold:   23         SH:  0    Dex: 14    Spells: 2/2 levels left

rFire    . . .     SeeInvis .   a - +0 mace (chaos)
rCold    . . .     Gourm    +   (no shield)
rNeg     . . .     Faith    .   b - +2 robe
rPois    +         Spirit   .   (helmet restricted)
rElec    .         Reflect  .   (no cloak)
rCorr    .         Harm     .   (gloves unavailable)
MR       .....                  (boots unavailable)
Stlth    ++........             (no amulet)
HPRegen  0.52/turn              j - ring of poison resistance
MPRegen  0.08/turn              (no ring)

@: agile, very slightly contaminated, invisible
A: large, unfitting armour, claws 3, fast metabolism 3, gourmand, regeneration
1, shaggy fur 1, tough skin 3
a: Renounce Religion


You were on level 1 of the Dungeon.
You worshipped Xom.
You were a toy of Xom.
You were not hungry.

You visited 1 branch of the dungeon, and saw 2 of its levels.

You collected 23 gold pieces.

Inventory:

Hand Weapons
 a - a +0 mace of chaos (weapon)
Armour
 b - a +2 robe (worn)
Jewellery
 j - a ring of poison resistance (left claw)
Scrolls
 d - a scroll of identify {unknown}
 e - a scroll of random uselessness {unknown}
 g - a scroll of teleportation {unknown}
Comestibles
 c - 3 rations


   Skills:
 + Level 2.7 Fighting
 * Level 3.3 Maces & Flails
 + Level 2.2 Dodging


You had 2 spell levels left.
You didn't know any spells.
Your spell library was empty.

Dungeon Overview and Level Annotations

Branches:
Dungeon (2/15)

Altars:


Innate Abilities, Weirdness & Mutations

You are too large for most types of armour.
You have claws for hands.
Your metabolism is lightning-fast.
You like to eat raw meat.
Your natural rate of healing is unusually fast.
You are covered in fur. (AC +1)
You have extremely tough skin. (AC +3)


Message History

* * * LOW HITPOINT WARNING * * *
The gnoll barely misses you.
It was a potion of curing.
You feel better.
Xom roars with laughter!
The gnoll barely misses you. The gnoll completely misses you.
It was a potion of invisibility.
You fade into invisibility!
The gnoll hits you but does no damage. The gnoll hits you with a +0 flail!
* * * LOW HITPOINT WARNING * * *
You are very lightly contaminated with residual magic.
It was a potion of agility.
You feel agile all of a sudden. The gnoll hits you with a +0 spear.
* * * LOW HITPOINT WARNING * * *
The gnoll misses you.
You strike the helpless gnoll from behind!
You sock the gnoll!
The gnoll flickers and vanishes!
Deactivating autopickup; reactivate with Ctrl-A.
Something barely misses you. The gnoll hits you with a +0 flail!
You die...

#....#.##.#.# #.
#####.##.#....#.# #§
#...#.##.#..###.# #§
#...#....#..#...# ##.
#...######..#.### #..
#...#....#....# #..
#...#.##.#....# #.§
###...#.##.####g##############..
#.......##....{@#...............
##.########..>...#.......########
#..(.......#..#.##.......#
#...######.#.............#
#........#.#....#........#
#........#.#....#........#
#..........#....##.......#
#........######.....#.####
#...........##........#


You could see a gnoll.

Vanquished Creatures
  2 gnolls (D:2)
  A dart slug (D:1)
  A giant cockroach (D:1)
  3 hobgoblins
  2 frilled lizards (D:1)
  3 kobolds (D:1)
  3 rats (D:2)
15 creatures vanquished.

Notes
Turn   | Place    | Note
-------+----------+-------------------------------------------
     0 | D:1      | Lanoc the Troll Chaos Knight began the quest for the Orb.
     0 | D:1      | Reached XP level 1. HP: 22/22 MP: 0/0
   264 | D:1      | Reached skill level 3 in Maces & Flails
   264 | D:1      | Reached XP level 2. HP: 29/29 MP: 1/1
   515 | D:2      | XOM: divination: detect creatures
   516 | D:2      | XOM: cast spell 'Dispersal'
   533 | D:2      | Reached XP level 3. HP: 23/36 MP: 2/2
   536 | D:2      | Xom revived you
   597 | D:1      | Mangled by a gnoll

Vault maps used:
D:1:      ebering_hopf_link
D:2:      uniq_natasha, uniq_terence

Skill      XL: |  1 |
---------------+----+-----
Dodging        | 2 |  2.2
Maces & Flails | 3 |  3.3
Fighting       | |  2.7

Action                   || total
-------------------------++-------
Melee: Mace              ||    47
  Use: Potion            ||     3
 Stab: Invisible         ||     1
  Eat: Chunk             ||     6
Armor: Robe              ||    23
Dodge: Dodged            ||    42

Table legend:
 A = Non-vault XP
 B = Vault XP
 C = Vault XP percentage of total XP
 D = Non-vault monster count
 E = Vault monster count
 F = Vault count percentage of total count
                 A         B        C        D         E       F
            +---------+---------+-------+---------+---------+-------
      Total |      50 |       0 |   0.0 |      15 |       0 |   0.0
            +---------+---------+-------+---------+---------+-------
        D:1 |      16 |       0 |   0.0 |       9 |       0 |   0.0
        D:2 |      34 |       0 |   0.0 |       6 |       0 |   0.0
            +---------+---------+-------+---------+---------+-------
